 Dungeon Crawl Stone Soup version 0.26.1-11-gd32895ea62 (webtiles) character file.

Game seed: 12928318777958627490

4392 Groucho the Covert (level 10, -9/42 (44) HPs)
             Began as a Spriggan Enchanter on July 1, 2021.
             Was a Believer of Kikubaaqudgha.
             Mangled by a wight
             ... wielding a +3 hand axe
              (13 damage)
             ... on level 8 of the Dungeon on July 2, 2021.
             The game lasted 00:30:47 (17964 turns).

Groucho the Covert (Spriggan Enchanter)            Turns: 17964, Time: 00:30:49

HP:   -9/42 (44)    AC:  2    Str:  7    XL:     10   Next: 13%
MP:   5/23          EV: 28    Int: 17    God:    Kikubaaqudgha [**....]
Gold: 506           SH:  0    Dex: 17    Spells: 17/26 levels left

rFire    . . .     SeeInvis +   t - +4 dagger (flame)
rCold    . . .     Faith    .   (shield restricted)
rNeg     . . .     Spirit   .   b - +0 robe
rPois    .         Reflect  .   (helmet restricted)
rElec    .         Harm     .   (no cloak)
rCorr    .         Rampage  .   (gloves unavailable)
Will     +....                  (boots unavailable)
Stlth    ++++++....             (no amulet)
HPRegen  0.14/turn              g - +4 ring of evasion
MPRegen  0.18/turn              (no ring)

@: studying Bows, lightly drained, very quick
A: very small, unfitting armour, see invisible, speed 3
a: Renounce Religion, Receive Corpses


You were on level 8 of the Dungeon.
You worshipped Kikubaaqudgha.
Kikubaaqudgha was pleased with you.
You visited 2 branches of the dungeon, and saw 9 of its levels.

You collected 506 gold pieces.

Inventory:

Hand Weapons
 a - a +1 dagger
 t - a +4 dagger of flaming (weapon)
 u - a +0 hunting sling of freezing
 F - a +1 dagger of venom
Missiles
 d - 335 stones
 n - 47 poisoned darts (quivered)
Armour
 b - a +0 robe (worn)
 B - a +0 buckler
Jewellery
 g - a +4 ring of evasion (left hand)
 D - an uncursed amulet of faith
Wands
 c - a wand of paralysis (8)
 r - a wand of flame (12)
 C - a wand of iceblast (20)
 E - a wand of disintegration (8)
Scrolls
 e - 3 scrolls of teleportation
 f - a scroll of random uselessness {unknown}
 i - 7 scrolls of identify
 j - a scroll of amnesia {unknown}
 k - 2 scrolls of remove curse {unknown}
 p - 2 scrolls of fog {unknown}
 s - a scroll of fear {unknown}
 v - a scroll of immolation {unknown}
 y - a scroll of magic mapping {unknown}
 z - a scroll of noise {unknown}
 G - a scroll of blinking {unknown}
 J - a scroll of enchant weapon
 K - a scroll of holy word {unknown}
Potions
 h - 3 potions of haste {unknown}
 l - 2 potions of magic {unknown}
 m - a potion of brilliance {unknown}
 o - 4 potions of lignification {unknown}
 q - 2 potions of degeneration {unknown}
 w - 2 potions of heal wounds {unknown}
 x - 2 potions of attraction {unknown}
 A - 2 potions of might {unknown}
 I - a potion of flight {unknown}
Books
 H - a manual of Bows


   Skills:
 - Level 1.1 Short Blades
 + Level 8.4 Dodging
 + Level 13.8 Stealth
 + Level 8.6 Spellcasting
 + Level 9.0 Hexes
 + Level 3.3 Necromancy


You had 17 spell levels left.
You knew the following spells:

 Your Spells              Type           Power        Failure   Level
a - Corona                Hex            42%          1%          1
b - Ensorcelled Hibernat  Hex/Ice        44%          2%          2
c - Confusing Touch       Hex            38%          1%          3
d - Dazzling Flash        Conj/Hex       44%          4%          3

Your spell library contained the following spells:

 Spells                   Type           Power        Failure   Level
 Tukima's Dance           Hex            38%          1%          3
 Animate Skeleton         Necr           36%          2%          1
 Pain                     Necr           72%          2%          1
 Sublimation of Blood     Necr           9%           3%          2
 Vampiric Draining        Necr           9%           8%          3
 Apportation              Tloc           14%          10%         1
 Summon Small Mammal      Summ           28%          10%         1


Dungeon Overview and Level Annotations

Branches:
Dungeon (8/15)             Temple (1/1) D:7
   Lair: D:8-11

Altars:
Ashenzari
Cheibriados
Dithmenos
Gozag
Hepliaklqana
Kikubaaqudgha
Makhleb
Nemelex Xobeh
Okawaru
Ru
Sif Muna
Trog
Uskayaw
Vehumet
Wu Jian
Xom
Yredelemnul
Zin
The Shining One

Annotations:
D:5 2 transporters, Thjof's ghost, novice KoAM


Innate Abilities, Weirdness & Mutations

You are very small and have problems with some larger weapons.
You are too small for most types of armour.
You have supernaturally acute eyesight. (SInv)
You cover ground extremely quickly.


Message History

The wight is moderately damaged.
The wight seems less confused.
The wight completely misses you.
You hit the wight but do no damage.
The wight is moderately damaged.
The wight completely misses you.
You hit the wight but do no damage. The wight hits you but does no damage.
Your magical contamination has completely faded away.
You hit the wight. You burn the wight.
The wight is moderately damaged.
The wight hits you with a +3 hand axe!
You feel drained.
Casting: Confusing Touch (safe; 1% risk of failure)
Confirm with . or Enter, or press ? or * to list all spells.
Your hands begin to glow red.
The wight misses you.
You hit the wight but do no damage.
The wight appears confused.
The wight is moderately damaged.
The wight hits you with a +0 dire flail!
* * * LOW HITPOINT WARNING * * *
The wight hits you with a +3 hand axe!
You die...
Kikubaaqudgha rasps: "You have failed me!
Welcome... death!"

........... ...
#.......... ....
#.......... ....
#.........
.....#.......
.....#.....## #
#......z..# #.#.
#.z@...## #.#.#+##
#.......# #......#
#)[)..#.# #......#
#.....# .#
#......####.....#
+...............#
##......###.....#
#...[..# #.....####
#......###.........


You could see 2 wights.

Vanquished Creatures
  Erica (D:8)
  A troll (D:7)
  4 orc warriors
  A sky beast (D:7)
  A black bear (D:5)
  2 ice beasts
  2 phantoms
  An ogre (D:8)
  2 centaurs
  6 bullfrogs
  A wyvern zombie (D:6)
  A scorpion (D:8)
  6 wights
  5 killer bees (D:7)
  7 howler monkeys
  2 centaur zombies (D:5)
  A bullfrog zombie (D:6)
  4 hounds
  2 bullfrog skeletons (D:5)
  3 orc priests
  2 jellies (D:6)
  6 orc wizards
  An iguana (D:3)
  Terence (D:2)
  Ijyb (D:4)
  Natasha (thrice) (D:2)
  3 worker ants
  2 hound skeletons
  A worker ant zombie (D:5)
  4 gnolls
  12 adders
  3 shadow imps
  A white imp (D:6)
  An ufetubus (D:7)
  2 oozes
  An adder zombie (D:8)
  3 worms
  A dart slug (D:4)
  6 leopard geckos
  27 orcs
  A ball python (D:3)
  13 bats
  2 giant cockroaches
  8 goblins
  7 hobgoblins
  2 jackals (D:6)
  7 quokkas
  8 frilled lizards
  2 giant cockroach zombies (D:5)
  A jackal zombie (D:5)
  12 kobolds
  2 quokka skeletons
  2 quokka zombies (D:5)
  15 rats
216 creatures vanquished.

Vanquished Creatures (others)
  2 withered plants (D:5)
2 creatures vanquished.

Grand Total: 218 creatures vanquished

Notes
Turn   | Place    | Note
-------+----------+-------------------------------------------
     0 | D:1      | Groucho the Spriggan Enchanter began the quest for the Orb.
     0 | D:1      | Reached XP level 1. HP: 9/9 MP: 5/5
   854 | D:1      | Reached skill level 5 in Stealth
   854 | D:1      | Reached XP level 2. HP: 7/13 MP: 6/6
  1597 | D:1      | Learned a level 2 spell: Ensorcelled Hibernation
  2506 | D:2      | Reached XP level 3. HP: 16/16 MP: 8/8
  2510 | D:2      | Learned a level 3 spell: Confusing Touch
  2884 | D:2      | Noticed Natasha
  2892 | D:2      | Killed Natasha
  2893 | D:2      | Reached skill level 6 in Stealth
  2893 | D:2      | Reached XP level 4. HP: 13/21 MP: 4/10
  2992 | D:2      | Noticed Natasha
  3035 | D:1      | Learned a level 3 spell: Dazzling Flash
  3550 | D:2      | Noticed Terence
  3559 | D:2      | Killed Terence
  3929 | D:1      | Reached skill level 7 in Stealth
  4405 | D:2      | Reached XP level 5. HP: 24/24 MP: 8/11
  5614 | D:2      | Killed Natasha
  5736 | D:2      | Noticed Natasha
  5743 | D:2      | Killed Natasha
  5744 | D:2      | Reached skill level 5 in Hexes
  6109 | D:2      | Found a basalt altar of Yredelemnul.
  6186 | D:3      | Reached skill level 8 in Stealth
  6826 | D:3      | Reached XP level 6. HP: 28/28 MP: 6/13
  7553 | D:3      | Found a sacrificial altar of Ru.
  7920 | D:4      | Found a radiant altar of Vehumet.
  7924 | D:4      | Found a glowing golden altar of the Shining One.
  7928 | D:4      | Found a burning altar of Makhleb.
  8240 | D:4      | Reached skill level 9 in Stealth
  8284 | D:4      | Found an iron altar of Okawaru.
  8367 | D:4      | Found an ancient bone altar of Kikubaaqudgha.
  8375 | D:4      | Became a worshipper of Kikubaaqudgha
  8513 | D:4      | Reached skill level 5 in Spellcasting
  8562 | D:4      | Reached XP level 7. HP: 32/32 MP: 15/15
  8672 | D:4      | Noticed Ijyb
  8679 | D:4      | Killed Ijyb
  9241 | D:5      | Entered Level 5 of the Dungeon
  9942 | D:5      | Found a transporter.
  9942 | D:5      | Found a transporter.
  9942 | D:5      | Noticed Thjof's ghost (novice KoAM)
  9965 | D:5      | Reached skill level 10 in Stealth
 11140 | D:5      | Reached XP level 8. HP: 23/36 MP: 9/17
 11145 | D:5      | Reached * piety under Kikubaaqudgha
 11145 | D:5      | Identified Kikubaaqudgha's Incunabulum of Evil Arts
                  | (Kikubaaqudgha gifted it to you on level 5 of the Dungeon)
 11145 | D:5      | Received a gift from Kikubaaqudgha
 11375 | D:5      | Reached skill level 11 in Stealth
 12016 | D:5      | Noticed a moth of wrath
 12040 | D:5      | Found a bloodstained altar of Trog.
 13620 | D:6      | Reached skill level 5 in Dodging
 13639 | D:6      | Reached skill level 12 in Stealth
 14892 | D:6      | Reached XP level 9. HP: 36/39 MP: 11/20
 15287 | D:6      | Reached ** piety under Kikubaaqudgha
 16124 | D:7      | Reached skill level 1 in Necromancy
 16124 | D:7      | Found a shadowy altar of Dithmenos.
 16137 | D:7      | Reached skill level 13 in Stealth
 16720 | D:7      | Found a staircase to the Ecumenical Temple.
 16749 | Temple   | Entered the Ecumenical Temple
 16868 | D:7      | Noticed a troll
 16875 | D:7      | Killed a troll
 17697 | D:8      | Noticed Erica
 17707 | D:8      | Killed Erica
 17708 | D:8      | Reached XP level 10. HP: 43/44 MP: 13/23
 17830 | D:8      | Found an opulent altar of Gozag.
 17964 | D:8      | Mangled by a wight

Illustrated notes

Levels and vault maps discovered:
D:1:      lightli_arrival_windingriver, layout_basic
D:2:      layout_rooms, nicolae_overflow_crystal_walls, uniq_natasha,
          uniq_terence
D:3:      layout_basic, lemuel_doored_altar, cheibrodos_sewer_entry_sluice
D:4:      layout_loops_ring, grunt_temple_overflow_diamond, lemuel_round_altar,
          okawaru_gym_becter, uniq_ijyb
D:5:      minmay_angry_zag, layout_cave_pools, tgw_trog,
          gammafunk_ghost_mausoleum, serial_undead, serial_undead_f,
          serial_undead_d, serial_undead_b, serial_undead_d
D:6:      layout_loops_ring, nrook_mini_backslash
D:7:      layout_cave_pools, nicolae_overflow_hidden_temple,
          minmay_temple_entry_water_ring, minmay_manual_monstrance
D:8:      layout_basic, old_standard_altar, lair_entry_dummy, serial_curves,
          eino_curves_03, eino_curves_03, eino_curves_01, eino_curves_04,
          uniq_grum, uniq_erica
Temple:   compressed_dpeg_circular_temple

Skill      XL: |  1  2  3  4  5  6  7  8  9 10 |
---------------+-------------------------------+-----
Stealth        | 5 6 7 8 9 10 12 13 | 13.8
Spellcasting   | 3 4 5 7 8 |  8.6
Hexes          | 4 5 6 7 8 9 |  9.0
Dodging        | 6 8 |  8.4
Necromancy     | 3 |  3.3
Short Blades   | |  1.1

Action                   |  1- 3 |  4- 6 |  7- 9 | 10-12 || total
-------------------------+-------+-------+-------+-------++-------
Melee: Dagger            |   114 |   124 |   242 |    23 ||   503
Throw: Dart              |       |     8 |     1 |       ||     9
 Cast: Ensorcelled Hiber |    15 |    62 |   103 |    13 ||   193
       Confusing Touch   |       |     3 |    21 |     5 ||    29
       Dazzling Flash    |       |     1 |     1 |       ||     2
Evoke: Wand              |       |       |     3 |       ||     3
  Use: Potion            |     1 |     1 |     1 |       ||     3
       Scroll            |       |     4 |     3 |       ||     7
 Stab: Sleeping          |    20 |    51 |    80 |     4 ||   155
       Confused          |       |     3 |    16 |     2 ||    21
       Distracted        |       |     2 |     1 |       ||     3
Armor: Robe              |     9 |     8 |     5 |     2 ||    24
Dodge: Dodged            |   104 |   105 |   187 |    27 ||   423
